 Dungeon Crawl Stone Soup version 0.24-a0-252-g5076262 (webtiles) character file.

Game seed: 18234364959950290369

3362 Borgoz the Skirmisher (level 10, -5/64 HPs)
             Began as a Gargoyle Berserker on Apr 17, 2019.
             Was an Initiate of Ashenzari.
             Slain by a polar bear (12 damage)
             ... created by the rage of Trog
             ... on level 8 of the Dungeon.
             The game lasted 00:12:12 (6730 turns).

Borgoz the Skirmisher (Gargoyle Berserker)          Turns: 6730, Time: 00:12:13

Health: -5/64      AC: 15    Str: 20    XL:     10   Next: 3%
Magic:  10/10      EV: 15    Int:  9    God:    Ashenzari [......]
Gold:   403        SH:  0    Dex: 14    Spells: 9/9 levels left

rFire    . . .     SeeInvis .   p - +1 dagger (venom)
rCold    + . .     Gourm    +   (no shield)
rNeg     + . .     Faith    .   s - +0 leather armour {rC+}
rPois    ∞         Spirit   .   o - +2 helmet
rElec    +         Reflect  .   (no cloak)
rCorr    +         Harm     .   (no gloves)
MR       .....                  H - +0 pair of boots
Stlth    +++.......             n - amulet of the gourmand
HPRegen  0.20/turn              F - ring of resist corrosion
MPRegen  0.12/turn              m - +2 ring of dexterity

@: no status effects
A: negative energy resistance 1, electricity resistance, unbreathing,
petrification resistance, rot immunity, AC +7
a: Curse Item, Renounce Religion


You were on level 8 of the Dungeon.
You worshipped Ashenzari.
Ashenzari was noncommittal.
You were hungry.

You visited 2 branches of the dungeon, and saw 9 of its levels.

You collected 403 gold pieces.

Inventory:

Hand Weapons
 p - a +1 dagger of venom (weapon)
 w - the +7 morningstar of Sequestration {protect, Stlth+}
   (You found it on level 4 of the Dungeon)

   It grants its wielder temporary protection when it strikes (+7 to AC).
   It makes you more stealthy.
 I - a cursed +4 dagger
Armour
 o - a +2 helmet (worn)
 s - a +0 leather armour of cold resistance (worn)
 H - a +0 pair of boots (worn)
Jewellery
 l - an uncursed ring of stealth
 m - a +2 ring of dexterity (right hand)
 n - an amulet of the gourmand (around neck)
 E - an uncursed amulet of harm
 F - a ring of resist corrosion (left hand)
Wands
 b - a wand of iceblast (13)
 B - a wand of acid (8)
Scrolls
 d - 3 scrolls of immolation {unknown}
 f - a scroll of enchant armour {unknown}
 g - 6 scrolls of teleportation {unknown}
 i - 4 scrolls of amnesia {unknown}
 j - 3 scrolls of enchant weapon {unknown}
 q - 4 scrolls of remove curse
 r - 4 scrolls of identify
 t - 2 scrolls of fog
 y - a scroll of random uselessness {unknown}
 z - a scroll of blinking {unknown}
 G - 2 scrolls of fear
Potions
 a - 3 potions of flight
 e - 2 potions of mutation
 h - a potion of curing
 k - a potion of might
 u - a potion of brilliance
 v - 2 potions of cancellation
 x - a potion of invisibility
 A - 3 potions of lignification
 C - a potion of magic
 D - a potion of berserk rage
Comestibles
 c - 10 rations


   Skills:
 + Level 7.9 Fighting
 + Level 6.6 Short Blades
 + Level 7.5 Armour
 + Level 5.7 Dodging
 - Level 5.0 Stealth


You had 9 spell levels left.
You didn't know any spells.
Your spell library was empty.

Dungeon Overview and Level Annotations

Branches:
Dungeon (8/15)             Temple (1/1) D:7
   Lair: D:8-11

Altars:
Ashenzari
Cheibriados
Dithmenos
Elyvilon
Fedhas
Gozag
Hepliaklqana
Kikubaaqudgha
Makhleb
Nemelex Xobeh
Okawaru
Ru
Sif Muna
Trog
Uskayaw
Vehumet
Wu Jian
Xom
Yredelemnul
Zin
The Shining One

Shops:
D:4 *   D:8 [


Innate Abilities, Weirdness & Mutations

You are resistant to torment.
Your stone body is resilient. (AC +7)
You are immune to poison.
You resist negative energy. (rN+)
You are resistant to electric shocks. (rElec)
You can survive without breathing.
You are immune to petrification.
You are immune to rotting.


Message History

You barely miss the troll.
The polar bear bites you but does no damage.
The polar bear closely misses you. The polar bear misses you.
The polar bear bites you but does no damage.
The polar bear claws you.
* * * LOW HITPOINT WARNING * * *
The polar bear claws you but does no damage.
You hit the troll.
The troll looks as sick as possible!
The troll is lightly wounded.
The troll bites you but does no damage. The troll misses you. x2
The polar bear bites you.
* * * LOW HITPOINT WARNING * * *
The polar bear closely misses you.
The polar bear claws you but does no damage.
The polar bear bites you but does no damage.
The polar bear closely misses you. The polar bear barely misses you.
You hit the troll but do no damage.
The troll looks as sick as possible!
The troll is lightly wounded.
The polar bear bites you!
You die...

#..≈≈≈≈≈≈..≈.≈≈
....≈≈≈≈≈h≈hh≈≈
....≈≈;.≈≈≈≈≈≈≈
#..≈.≈..≈≈≈≈≈≈≈
#....≈.≈..≈≈;≈≈
#..........≈≈≈≈
##...# #.#
...># #h####
#.#.# #hT@h#
#.#.######h# #
#.........O# #
#...#####..# #
#..........# #
#..######..# #
##..# #..# #
#...######..# #
#........#..#


You could see 3 polar bears, a troll, an ogre (berserk) and a wolf.

Vanquished Creatures
  A hornet (D:6)
  A hippogriff (D:8)
  A hungry ghost (D:8)
  A sky beast (D:5)
  6 ogres
  A centaur (D:5)
  A phantom (D:5)
  A big kobold (D:5)
  2 bullfrogs (D:6)
  A water moccasin skeleton (D:8)
  A scorpion (D:7)
  13 wights
  7 howler monkeys
  2 crimson imps
  5 hounds
  A jelly (D:5)
  3 bullfrog zombies
  A bullfrog skeleton (D:5)
  7 orc wizards
  3 iguanas
  5 worker ants
  2 hound zombies (D:6)
  3 hound skeletons
  Robin (D:2)
  4 adders
  2 oozes
  An adder zombie (D:5)
  3 worms
  3 dart slugs
  5 leopard geckos
  19 orcs
  4 giant cockroaches
  9 goblins
  12 hobgoblins
  9 jackals
  3 quokkas
  A ball python (D:4)
  11 bats
  7 frilled lizards
  8 kobolds
  A quokka skeleton (D:5)
  2 rats (D:1)
174 creatures vanquished.

Vanquished Creatures (others)
  A worm (D:2)
1 creature vanquished.

Grand Total: 175 creatures vanquished

Notes
Turn   | Place    | Note
-------+----------+-------------------------------------------
     0 | D:1      | Borgoz the Gargoyle Berserker began the quest for the Orb.
     0 | D:1      | Reached XP level 1. HP: 14/14 MP: 1/1
     0 | D:1      | Noticed a shadow dragon
     2 | D:1      | Noticed a tentacled monstrosity
     2 | D:1      | Noticed an orb of fire
     4 | D:1      | Noticed an orb of fire
     5 | D:1      | Noticed a shadow dragon
     8 | D:1      | Noticed a golden dragon
     9 | D:1      | Noticed a shadow dragon
    10 | D:1      | Noticed a yellow draconian
    14 | D:1      | Noticed an ice dragon
    16 | D:1      | Noticed a black draconian
    16 | D:1      | Noticed an iron dragon
    18 | D:1      | Noticed a shadow dragon
    18 | D:1      | Noticed a tentacled monstrosity
    20 | D:1      | Noticed an iron dragon
    20 | D:1      | Noticed an orb of fire
    22 | D:1      | Noticed an iron dragon
    62 | D:1      | Reached XP level 2. HP: 10/19 MP: 2/2
   314 | D:1      | Reached skill level 1 in Stealth
   363 | D:1      | Reached XP level 3. HP: 19/23 MP: 3/3
   380 | D:1      | Reached ** piety under Trog
   860 | D:2      | Found a glowing silver altar of Zin.
   860 | D:2      | Noticed an angel
   868 | D:2      | Found a shimmering altar of Xom.
  1009 | D:2      | Reached XP level 4. HP: 29/29 MP: 4/4
  1133 | D:2      | Found a sacrificial altar of Ru.
  1174 | D:2      | Noticed Robin
  1207 | D:2      | Killed Robin
  1237 | D:2      | HP: 1/29 [worm (1)]
  1692 | D:2      | Found a white marble altar of Elyvilon.
  1693 | D:2      | Found a hazy altar of Hepliaklqana.
  1695 | D:2      | Found an opulent altar of Gozag.
  1898 | D:3      | Reached XP level 5. HP: 33/33 MP: 5/5
  2130 | D:3      | Found a radiant altar of Vehumet.
  2131 | D:3      | Found a burning altar of Makhleb.
  2321 | D:3      | Reached *** piety under Trog
  2333 | D:3      | Reached XP level 6. HP: 25/38 MP: 6/6
  2608 | D:4      | Found Boyshreadip's General Store.
  2652 | D:4      | Found a basalt altar of Yredelemnul.
  2714 | D:4      | Found a shadowy altar of Dithmenos.
  2726 | D:4      | Got a fine morningstar
  2761 | D:4      | Found a deep blue altar of Sif Muna.
  3043 | D:5      | Entered Level 5 of the Dungeon
  3203 | D:5      | Reached XP level 7. HP: 35/44 MP: 7/7
  3209 | D:5      | Reached skill level 5 in Fighting
  3231 | D:5      | Identified the cursed +1 ring mail of Trumpets {rElec rC+
                  | Dex-5 SInv}
  3563 | D:5      | Reached XP level 8. HP: 40/49 MP: 8/8
  3592 | D:5      | Reached skill level 5 in Armour
  3837 | D:5      | Found a bloodstained altar of Trog.
  3846 | D:5      | Reached skill level 5 in Stealth
  3869 | D:5      | Reached **** piety under Trog
  4502 | D:6      | Reached skill level 5 in Short Blades
  4916 | D:6      | Noticed a hornet
  4941 | D:6      | Killed a hornet
  4941 | D:6      | Reached XP level 9. HP: 33/56 MP: 9/9
  5256 | D:7      | Reached skill level 5 in Dodging
  5618 | D:7      | Found a staircase to the Ecumenical Temple.
  5675 | Temple   | Entered the Ecumenical Temple
  5830 | Temple   | Fell from the grace of Trog
  5830 | Temple   | Became a worshipper of Ashenzari the Shackled
  6098 | D:8      | Found Suybb's Antique Armour Shoppe.
  6693 | D:8      | Noticed a troll
  6716 | D:8      | Reached XP level 10. HP: 48/64 MP: 10/10
  6730 | D:8      | Slain by a polar bear

Levels and vault maps discovered:
D:1:      shiori_arrival_whats_in_store_for_you, layout_rooms,
          serial_bayou_lagoon_a
D:2:      layout_basic, grunt_temple_overflow_order_and_chaos_1,
          nicolae_overflow_hidden_temple, first_ration, uniq_robin
D:3:      layout_basic, grunt_temple_overflow_lords_of_destruction
D:4:      layout_loops_ring, led_sif_book, yredelemnul_altar_generic,
          nicolae_dithmenos_the_darkroom, serial_shops, shop
D:5:      cheibrodos_fzero, layout_basic, minmay_misc_feat_hallway,
          minmay_misc_feat_rows, bloody_trog
D:6:      minmay_angry_zag, layout_cave_pools, columned_hall_lemuel
D:7:      layout_rooms, minmay_temple_entry_ruins
D:8:      layout_loops_ring, erik_lair_island, serial_shops,
          nicolae_shop_overgrown_old_shop
Temple:   cyrus_temple_forest

Skill      XL: |  1  2  3  4  5  6  7  8  9 |
---------------+----------------------------+-----
Stealth        | 1 2 3 4 5 |  5.0
Short Blades   | 3 4 5 6 |  6.6
Dodging        | 2 3 4 5 |  5.7
Armour         | 3 4 6 7 |  7.5
Fighting       | 4 5 6 7 |  7.9

Action                   |  1- 3 |  4- 6 |  7- 9 | 10-12 || total
-------------------------+-------+-------+-------+-------++-------
Melee: Short sword       |   157 |   125 |       |       ||   282
       Dagger            |       |   108 |   680 |    14 ||   802
Invok: Berserk           |     1 |     1 |     1 |       ||     3
Evoke: Wand              |       |     2 |     1 |       ||     3
  Use: Scroll            |     5 |     2 |     4 |       ||    11
       Potion            |       |     1 |     4 |       ||     5
 Stab: Sleeping          |     3 |     4 |     8 |       ||    15
  Eat: Chunk             |     2 |    18 |    17 |       ||    37
       Ration            |       |       |     1 |       ||     1
Armor: Animal skin       |    67 |    81 |       |       ||   148
       Leather armour    |       |    20 |   200 |    23 ||   243
       Skin              |       |       |    18 |       ||    18
Dodge: Dodged            |   122 |   168 |   357 |    27 ||   674

Table legend:
 A = Non-vault XP
 B = Vault XP
 C = Vault XP percentage of total XP
 D = Non-vault monster count
 E = Vault monster count
 F = Vault count percentage of total count
                 A         B        C        D         E       F
            +---------+---------+-------+---------+---------+-------
      Total |    3424 |    1380 |  28.7 |     145 |      29 |  16.7
            +---------+---------+-------+---------+---------+-------
        D:1 |      56 |       0 |   0.0 |      29 |       0 |   0.0
        D:2 |      40 |      31 |  43.7 |      14 |       9 |  39.1
        D:3 |     156 |      50 |  24.3 |      24 |       1 |   4.0
        D:4 |      60 |      82 |  57.7 |       7 |       2 |  22.2
        D:5 |     650 |     752 |  53.6 |      23 |      10 |  30.3
        D:6 |     647 |     422 |  39.5 |      17 |       6 |  26.1
        D:7 |     993 |       0 |   0.0 |      20 |       0 |   0.0
        D:8 |     822 |      43 |   5.0 |      11 |       1 |   8.3
            +---------+---------+-------+---------+---------+-------
